 Dungeon Crawl Stone Soup version 0.30-a0-782-ge64f9170bb (webtiles) character file.

Game seed: 16340919191635479063

11 Dirtsage the Sneak (level 2, -2/22 HPs)
             Began as a Vampire Brigand on Mar 3, 2023.
             Slain by Terence
             ... wielding a +1 flail of protection
              (6 damage)
             ... on level 2 of the Dungeon.
             The game lasted 00:00:53 (263 turns).

Dirtsage the Sneak (Vampire Brigand)                 Turns: 263, Time: 00:00:54

Health: -2/22      AC:  6    Str: 10    XL:     2   Next: 13%
Magic:  2/2        EV: 10    Int: 13    God:
Gold:   11         SH:  0    Dex: 15    Spells: 1/1 levels left

rFire   . . .      SeeInvis +    a - +2 dagger
rCold   . . .      Faith    .    (no shield)
rNeg    . . .      Spirit   .    k - +0 ring mail
rPois   .          Reflect  .    (no helmet)
rElec   .          Harm     .    c - +0 cloak
rCorr   .          Rampage  .    (no gloves)
Will    .....                    (no boots)
Stlth   ++                       (no amulet)
HPRegen 0.43/turn                (no ring)
MPRegen 0.08/turn                (no ring)

@: healing quickly
A: alive, fangs 3, see invisible, vampiric 1
a: Exsanguinate


You were on level 2 of the Dungeon.
You visited 1 branch of the dungeon, and saw 2 of its levels.

You collected 11 gold pieces.

Inventory:

Hand Weapons
 a - a +2 dagger (weapon)
Missiles
 d - 8 poisoned darts (quivered)
 e - 2 curare-tipped darts
Armour
 b - a +0 robe
 c - a +0 cloak (worn)
 k - a +0 ring mail (worn)
Scrolls
 f - a scroll of identify {unknown}
 g - a scroll of immolation {unknown}
 h - 2 scrolls of brand weapon {unknown}
 i - a scroll of fear {unknown}
 m - a scroll of amnesia {unknown}
Potions
 j - 2 potions of invisibility {unknown}
 l - a potion of heal wounds {unknown}
 n - a potion of degeneration {unknown}


   Skills:
 - Level 1.7 Fighting
 - Level 2.1(2.6) Short Blades
 + Level 1.8(2.3) Long Blades
 - Level 1.5 Throwing
 - Level 1.1 Dodging
 - Level 5.8 Stealth


You had one spell level left.
You didn't know any spells.
Your spell library was empty.

Dungeon Overview and Level Annotations

Branches:
Dungeon (1/15)

Altars:

Annotations:
D:2 Terence


Innate Abilities, Weirdness & Mutations

Your natural rate of healing is accelerated.
You have razor-sharp teeth.
You have supernaturally acute eyesight. (SInv)
You are afflicted with vampirism.


Message History

You take 3 damage, and have 9/22 hp.
You hit Terence but do no damage.
Terence is moderately wounded.
You hit Terence.
Terence is heavily wounded.
Terence misses you.
You hit Terence but do no damage.
Terence is heavily wounded.
You hit Terence.
Terence is heavily wounded.
Terence hits you with a +1 flail of protection!
* * * LOW HITPOINT WARNING * * *
You take 8 damage, and have 2/22 hp.
MASSIVE DAMAGE!!
You barely miss Terence.
Terence is heavily wounded.
You hit Terence but do no damage.
Terence is heavily wounded.
Terence barely misses you.
You hit Terence.
Terence is severely wounded.
You closely miss Terence.
Terence is severely wounded.
Terence hits you but does no damage.
You hit Terence but do no damage.
Terence is severely wounded.
You hit Terence but do no damage.
Terence is severely wounded.
Terence hits you with a +1 flail of protection.
* * * LOW HITPOINT WARNING * * *
You take 1 damage, and have 3/22 hp.
You hit Terence.
Terence is almost dead.
Terence is no longer moving slowly.
You hit Terence but do no damage. You bite Terence, but do no damage.
Terence is almost dead.
Terence barely misses you.
You hit Terence but do no damage.
Terence is almost dead.
Terence hits you with a +1 flail of protection.
You die...

#.# #.# #.#
#.# #.# #.#
#####.#####
#....@@..(#
#.###.###.#
#.# #.# #.#
#..
#.######..#
#..........
##.#####.##
#.# #.#


You could see Terence.

Vanquished Creatures
  A dart slug (D:1)
  2 endoplasms (D:1)
  A goblin (D:1)
  6 rats
10 creatures vanquished.

Notes
Turn   | Place    | Note
-------+----------+-------------------------------------------
     0 | D:1      | Dirtsage the Vampire Brigand began the quest for the Orb.
     0 | D:1      | Reached XP level 1. HP: 16/16 MP: 1/1
    26 | D:1      | Reached skill level 1 in Long Blades
   179 | D:1      | Reached XP level 2. HP: 22/22 MP: 2/2
   210 | D:1      | You fall into a shaft and drop 1 floor!
   229 | D:2      | Noticed Terence
   263 | D:2      | Slain by Terence

Illustrated notes

Levels and vault maps discovered:
D:1:      dpeg_arrival_ratfight, layout_rooms
D:2:      layout_loops_ring, kennysheep_cluttered_room, uniq_terence

Skill      XL: |  1 |
---------------+----+-----
Long Blades    | 1 |  1.8
Fighting       | |  1.7
Short Blades   | |  2.1
Throwing       | |  1.5
Dodging        | |  1.1
Stealth        | |  5.8

Action                     || total
---------------------------++-------
  Melee: Dagger            ||    46
         Bite              ||     4
  Throw: Dart              ||     2
   Stab: Sleeping          ||     2
 Armour: Robe              ||     2
         Ring mail         ||     1
  Dodge: Dodged            ||    16

Table legend: (Time is in decaauts)
 A = Elapsed time spent in this place.
 B = Non-inter-level travel time spent in this place.
 C = Inter-level travel time spent in this place.
 D = Time resting spent in this place.
 E = Time spent auto-exploring this place.
 F = Levels seen in this place.
 G = Mean time per level.
                   A        B        C        D        E       F      G
               +--------+--------+--------+--------+--------+-----+--------+
         Total |    257 |    251 |      6 |      0 |    153 |   2 |  128.5 |
       Dungeon |    257 |    251 |      6 |      0 |    153 |   2 |  128.5 |
               +--------+--------+--------+--------+--------+-----+--------+

Top non-repeatable levels by time:
     D:1: 208 daAuts
     D:2: 49 daAuts
